[Event "Late-Titled-Tuesday-Blitz-March-12-2024"]
[Site "Chess.com"]
[Date "2024.03.12"]
[Round "10"]
[White "grandcoach"]
[Black "Walter_White_Poland"]
[Result "1-0"]
[WhiteElo "2241"]
[BlackElo "2346"]
[TimeControl "180+1"]
[EndTime "15:52:10 PDT"]
[Termination "grandcoach won by resignation"]

1. e4 e5 2. Nf3 Nc6 3. d4 exd4 4. c3 d5 5. exd5 Qxd5 6. cxd4 Bg4 7. Be2 Bb4+ 8. Nc3 Bxf3 9. Bxf3 Qc4 10. Qb3 Qxb3 11. axb3 Nxd4 12. Bxb7 Rb8 13. Rxa7 Bc5 14. Ra8 Rxa8 15.
Bxa8 Nf6 16. Bf4 O-O 17. Bf3 Re8+ 18. Kd1 Nxb3 19. Bxc7 Bxf2 20. Rf1 Be3 21. Nd5 Rc8 22. Ne7+ Kf8 23. Nxc8 1-0

[Event "Late-Titled-Tuesday-Blitz-March-12-2024"]
[Site "Chess.com"]
[Date "2024.03.12"]
[Round "10"]
[White "Herman-NY"]
[Black "scrambleyourbrain"]
[Result "1-0"]
[WhiteElo "2548"]
[BlackElo "2409"]
[TimeControl "180+1"]
[EndTime "15:52:13 PDT"]
[Termination "Herman-NY won by resignation"]

1. e4 e5 2. Nf3 Nc6 3. Bc4 Bc5 4. c3 Nf6 5. d3 O-O 6. Bg5 Be7 7. Nbd2 h6 8. Bh4 d6 9. a4 a6 10. Bg3 Be6 11. O-O Bxc4 12. Nxc4 Nh5 13. Nfxe5 dxe5 14. Qxh5 Qxd3 15. Nxe5 Nxe5 16. Qxe5 Bd6 17. Qd5 Qxd5 18.
exd5 Bxg3 19. hxg3 Rad8 20. Rad1 Rd6 21. Rd4 Rfd8 22.
Rfd1 Kf8 23. a5 Ke7 24. g4 Kf6 25. f4 g6 26. Kf2 Kg7 27. c4 c6 28. b4 g5 29.
dxc6 Rxd4 30. Rxd4 Rxd4 31. cxb7 Rxf4+ 32. Kg3 Rxc4 33. b8=Q Rc6 34. Qb7 1-0

[Event "Late-Titled-Tuesday-Blitz-March-12-2024"]
[Site "Chess.com"]
[Date "2024.03.12"]
[Round "10"]
[White "GothamChess"]
[Black "RantomOpening"]
[Result "0-1"]
[WhiteElo "2675"]
[BlackElo "2596"]
[TimeControl "180+1"]
[EndTime "15:52:18 PDT"]
[Termination "RantomOpening won by resignation"]

1. e4 c5 2. a3 e6 3. b4 cxb4 4. axb4 Bxb4 5. c3 Bf8 6. d4 d5 7.
e5 Nc6 8. h4 Nge7 9. h5 h6 10.
g4 g5 11. hxg6 Nxg6 12. Bd3 Be7 13. Rxh6 Rxh6 14. Bxh6 Bg5 15. Bg7 Bd7 16. Nf3 Nf4 17. Na3 a6 18. Kf1 Na5 19. Bh7 Be7 20. Qd2 Bg5 21. Bf6 Bxf6 22. Qxf4 Bg7 23. g5 Qe7 24. g6 fxg6 25. Bxg6+ Kd8 26. Ng5 Kc7 27. Nf7 Rf8 28. Qg4 Rxf7 29. Bxf7 Qxf7 30. Nc2 Nc4 31. Kg2 Be8 32.
Rh1 Qg6 33. Rh4 Qxc2 34. Qxg7+ Kb6 35. Rh7 Qg6+ 36. Qxg6 Bxg6 37. Re7 Bf5 38. Kf3 a5 39. Ke2 a4 0-1

[Event "Late-Titled-Tuesday-Blitz-March-12-2024"]
[Site "Chess.com"]
[Date "2024.03.12"]
[Round "10"]
[White "CaspiIsrael"]
[Black "Zohid6"]
[Result "1-0"]
[WhiteElo "2709"]
[BlackElo "2878"]
[TimeControl "180+1"]
[EndTime "15:52:19 PDT"]
[Termination "CaspiIsrael won by resignation"]

1. d4 e6 2. e4 d5 3. Nd2 h6 4.
Ngf3 Nf6 5. e5 Nfd7 6. c3 c5 7.
Bd3 Nc6 8. O-O g5 9. a3 Bg7 10. b4 g4 11. b5 gxf3 12. bxc6 bxc6 13. Nxf3 Rb8 14. Re1 Qa5 15. Bd2 Ba6 16. Bc2 Bc4 17.
a4 Bf8 18. Rb1 Rb6 19. g3 Be7 20. h4 Kd8 21. Nh2 Kc7 22. Ng4 h5 23. Ne3 Rxb1 24. Bxb1 Nb6 25. Bc2 Kb7 26. Qf3 Rf8 27. Nxc4 Nxc4 28.
Rb1+ Ka8 29. Be1 Na3 30. c4 Qxe1+ 31. Rxe1 Nxc2 32. Rb1 Nxd4 33. Qxh5 dxc4 34. Rc1 Kb7 35. Rxc4 Ka6 36. Kg2 f5 37. exf6 Rxf6 38. Qe8 1-0

[Event "Late-Titled-Tuesday-Blitz-March-12-2024"]
[Site "Chess.com"]
[Date "2024.03.12"]
[Round "10"]
[White "Jospem"]
[Black "DavidGavrilescu18"]
[Result "1/2-1/2"]
[WhiteElo "3094"]
[BlackElo "2780"]
[TimeControl "180+1"]
[EndTime "15:52:21 PDT"]
[Termination "Game drawn by repetition"]

1. e4 e6 2. d4 d5 3. e5 c5 4.
c3 Nc6 5. Nf3 Bd7 6. Be2 Nge7 7.
O-O Nf5 8. Be3 Be7 9. Bd3 cxd4 10.
cxd4 O-O 11. Bxf5 exf5 12. Nc3 Be6 13. a3 Rc8 14. Rc1 h6 15. Ne1 Na5 16. Rc2 Nc4 17. Bc1 a6 18. Nd3 Rc6 19. Nf4 Qd7 20. Qf3 Rd8 21. Nh5 Kh7 22. Nf4 Bg5 23. g3 Rdc8 24.
Nxe6 fxe6 25. Bxg5 hxg5 26. Qh5+ Kg8 27. Qxg5 Nxa3 28.
Rcc1 Nb5 29. Ne2 Rc2 30. Qe3 Rxc1 31. Rxc1 Rxc1+ 32. Qxc1 Qc7 33. Qg5 Qc2 34. Nf4 Nxd4 35. Qd8+ Kh7 36. Qh4+ Kg8 37. Qh5 Qe4 38. h4 Nf3+ 39. Kg2 Nxe5+ 40. f3 Qc2+ 41. Kh3 Qd1 42. Qe8+ Kh7 43. Qh5+ Kg8 44. Qe8+ Kh7 45. Qh5+ Kg8 1/2-1/2

[Event "Late-Titled-Tuesday-Blitz-March-12-2024"]
[Site "Chess.com"]
[Date "2024.03.12"]
[Round "10"]
[White "YEIKO2017"]
[Black "MalyDominator"]
[Result "1-0"]
[WhiteElo "2458"]
[BlackElo "2541"]
[TimeControl "180+1"]
[EndTime "15:52:21 PDT"]
[Termination "YEIKO2017 won by resignation"]

1. e4 c5 2. Nf3 d6 3. d4 cxd4 4.
Nxd4 Nf6 5. Nc3 Nc6 6. Bg5 e6 7.
Qd2 a6 8. O-O-O Bd7 9. f4 b5 10.
Bxf6 gxf6 11. Nxc6 Bxc6 12. Qe3 b4 13. Nd5 a5 14. g4 Bg7 15. Nb6 Rb8 16. Nc4 O-O 17. Nxd6 Qc7 18. Rg1 Rfd8 19. g5 fxg5 20. e5 gxf4 21.
Qxf4 Kh8 22. Bd3 Qe7 23. Rxg7 Kxg7 24. Rg1+ Kh8 25. Nxf7+ 1-0

[Event "Late-Titled-Tuesday-Blitz-March-12-2024"]
[Site "Chess.com"]
[Date "2024.03.12"]
[Round "10"]
[White "Boorchess"]
[Black "The_Straightforward_Rook"]
[Result "0-1"]
[WhiteElo "2541"]
[BlackElo "2467"]
[TimeControl "180+1"]
[EndTime "15:52:23 PDT"]
[Termination "The_Straightforward_Rook won by resignation"]

1. d4 Nf6 2. c4 c5 3. d5 b5 4.
cxb5 a6 5. f3 e6 6. e4 c4 7.
Bxc4 axb5 8. Bxb5 Bc5 9. Qe2 Qb6 10. Nh3 O-O 11. dxe6 fxe6 12. Nc3 Nc6 13. Bxc6 Qxc6 14. Be3 Ba6 15. Qf2 Bb4 16. Rc1 Nxe4 17. Qh4 Nxc3 18.
bxc3 Bxc3+ 19. Kf2 Bf6 20. Qxf6 gxf6 21. Rxc6 dxc6 22.
a4 Bc4 23. Ra1 Ra6 24. a5 Rb8 25. Rc1 Bd5 26. Bb6 Rbxb6 27. axb6 Rxb6 28. Nf4 Kf7 29. g4 Rb3 30. Nxd5 cxd5 31. Rc7+ Kg6 32. Re7 e5 33. h4 d4 34. f4 Re3 35. f5+ Kh6 36. Rf7 Re4 37.
Kg3 d3 38. Rxf6+ Kg7 39. Rd6 Re3+ 40. Kf2 Re2+ 41. Kf3 e4+ 42. Kf4 d2 43. g5 e3 44. Rd7+ Kf8 45. f6 Re1 46. Rd8+ Kf7 47. h5 d1=Q 48. Rxd1 Rxd1 49. Kxe3 Rh1 50. Kf4 Rxh5 51.
Kg4 Rh1 52. Kf5 Rf1+ 53. Kg4 Kg6 0-1

[Event "Late-Titled-Tuesday-Blitz-March-12-2024"]
[Site "Chess.com"]
[Date "2024.03.12"]
[Round "10"]
[White "RandomNoob04"]
[Black "Schattman"]
[Result "1-0"]
[WhiteElo "2660"]
[BlackElo "2482"]
[TimeControl "180+1"]
[EndTime "15:52:24 PDT"]
[Termination "RandomNoob04 won on time"]

1. e4 c5 2. d4 cxd4 3. c3 dxc3 4.
Nxc3 Nc6 5. Nf3 d6 6. Bc4 a6 7. O-O Nf6 8. Bf4 Bg4 9. h3 Bh5 10. g4 Bg6 11. Qe2 e5 12. Rfd1 Qa5 13. Bg5 Be7 14.
a3 Rc8 15. Bxf6 Bxf6 16. Rxd6 O-O 17. Nd5 Nd4 18. Nxd4 exd4 19. b4 Qa4 20. Nxf6+ gxf6 21. Rxf6 d3 22. Qxd3 Rfd8 23. Bd5 Rc7 24. Bxf7+ Rxf7 25. Qxd8+ Kg7 26. Rxf7+ Bxf7 27. Qd4+ Kg6 28. h4 h6 29.
Rc1 Qb3 30. Rc7 Qd1+ 31. Qxd1 1-0

[Event "Late-Titled-Tuesday-Blitz-March-12-2024"]
[Site "Chess.com"]
[Date "2024.03.12"]
[Round "10"]
[White "Incognizance"]
[Black "Kostukov_Alex"]
[Result "0-1"]
[WhiteElo "1843"]
[BlackElo "2277"]
[TimeControl "180+1"]
[EndTime "15:52:24 PDT"]
[Termination "Kostukov_Alex won by resignation"]

1. d4 g6 2. c4 Bg7 3. Nc3 d6 4. e4 e5 5. d5 f5 6. f3 Nf6 7.
Bd3 O-O 8. Nge2 a5 9. a4 Na6 10. O-O Nc5 11. Be3 Bd7 12. Bxc5 dxc5 13. Qb3 b6 14.
Nb5 Bxb5 15. Qxb5 Bh6 16. exf5 Be3+ 17. Kh1 gxf5 18. Bxf5 Kh8 19. Qb3 Bh6 20. Be6 Nh5 21. Rae1 Qh4 22. f4 Bxf4 23. Nxf4 Rxf4 24. Rxf4 Qxe1+ 0-1

[Event "Late-Titled-Tuesday-Blitz-March-12-2024"]
[Site "Chess.com"]
[Date "2024.03.12"]
[Round "10"]
[White "cthake"]
[Black "GoValya"]
[Result "1-0"]
[WhiteElo "1762"]
[BlackElo "2235"]
[TimeControl "180+1"]
[EndTime "15:52:29 PDT"]
[Termination "cthake won by resignation"]

1. e4 e6 2. d3 d5 3. Nd2 c5 4. g3 Nf6 5. Bg2 Be7 6. Ngf3 Nc6 7. O-O O-O 8. Re1 d4 9. Nf1 e5 10. h4 h6 11. N1h2 Ng4 12. Nxg4 Bxg4 13. Qd2 f5 14. exf5 Rxf5 15. Nh2 h5 16. f3 Bxh4 17. fxg4 Bg5 18.
Qe2 Rf8 19. gxh5 Bxc1 20. Raxc1 Qg5 21. Qg4 Qd2 22. Nf3 Qh6 23. Qg5 Qxg5 24. Nxg5 Rf5 25.
Ne4 b6 26. Nd6 Rf6 27. Bxc6 Rd8 28. Bd5+ Kh7 29. Be4+ Kg8 30. Nf5 Rdf8 31. g4 g6 32.
hxg6 b5 33. g7 Re8 34. Rf1 c4 35. dxc4 bxc4 36. Bd5+ Kh7 37. g8=Q+ Rxg8 38. Bxg8+ Kxg8 39. Ne7+ Kg7 40. Rxf6 Kxf6 41. Nc6 Ke6 42. Kf2 Kd5 43. Nxa7 e4 44. g5 d3 45. cxd3 cxd3 46. Ke3 1-0

[Event "Late-Titled-Tuesday-Blitz-March-12-2024"]
[Site "Chess.com"]
[Date "2024.03.12"]
[Round "10"]
[White "tarno17"]
[Black "IranianCheetah"]
[Result "0-1"]
[WhiteElo "2214"]
[BlackElo "2373"]
[TimeControl "180+1"]
[EndTime "15:52:30 PDT"]
[Termination "IranianCheetah won by checkmate"]

1. e4 d5 2. exd5 Qxd5 3. Nc3 Qd6 4. Nf3 a6 5. d4 Nc6 6. Be3 Bg4 7. h3 Bh5 8. g4 Bg6 9. Bg2 Nf6 10. O-O e6 11. Ne5 Nd5 12. Nxd5 exd5 13. Bf4 Nxe5 14. Bxe5 Qb6 15.
Re1 O-O-O 16. a4 f6 17. Bg3 h5 18. a5 Qc6 19. Re3 Bd6 20. Rc3 Qd7 21. Bxd6 Qxd6 22.
Rc5 c6 23. b4 Kb8 24. Qf3 Be4 25. Qg3 Qxg3 26. fxg3 hxg4 27. hxg4 Rde8 28. Rc3 Bxg2 29.
Kxg2 Re2+ 30. Kf3 Rhh2 31. Rf1 Kc7 32. g5 f5 33. g6 Kd6 34. Kf4 Rh5 35. Rff3 Re4# 0-1

[Event "Late-Titled-Tuesday-Blitz-March-12-2024"]
[Site "Chess.com"]
[Date "2024.03.12"]
[Round "10"]
[White "Lennis93"]
[Black "artin10862"]
[Result "0-1"]
[WhiteElo "2709"]
[BlackElo "2897"]
[TimeControl "180+1"]
[EndTime "15:52:31 PDT"]
[Termination "artin10862 won on time"]

1. d4 Nf6 2. Nf3 g6 3. c4 Bg7 4. Nc3 d5 5. Bf4 O-O 6. Rc1 dxc4 7. e3 c5 8. dxc5 Qa5 9. Bxc4 Ne4 10. Be5 Rd8 11.
Qb3 Nxc5 12. Bxf7+ Kf8 13. Bxg7+ Kxg7 14. Qc4 Nd3+ 15.
Ke2 b6 16. b4 Nxb4 17. Qb3 Nd7 18. Bc4 Ba6 19. Ne4 Rac8 20. Ned2 Nc5 21. Qb2+ Kh6 22. Qe5 Bxc4+ 23. Rxc4 Nc6 24. Rg4 Nxe5 25. Rh4+ Kg7 26. Nxe5 Qxd2+ 27. Kf3 Qd5+ 28. e4 Qxe5 29. g3 g5 30. Rg4 h5 31. Kg2 hxg4 32. Re1 Nd3 33. Re3 Qf6 34. Re2 Qf3+ 0-1

[Event "Late-Titled-Tuesday-Blitz-March-12-2024"]
[Site "Chess.com"]
[Date "2024.03.12"]
[Round "10"]
[White "noblerone"]
[Black "Igor_Lysyj"]
[Result "0-1"]
[WhiteElo "2571"]
[BlackElo "2801"]
[TimeControl "180+1"]
[EndTime "15:52:34 PDT"]
[Termination "Igor_Lysyj won by resignation"]

1. d4 d5 2. Nf3 Nf6 3. Bg5 c5 4.
e3 cxd4 5. exd4 Nc6 6. c3 Bg4 7.
Be2 e6 8. Nbd2 Bd6 9. O-O O-O 10. Bh4 Qc7 11. Bg3 Bxg3 12. hxg3 Rab8 13. Bd3 b5 14.
Nb3 b4 15. Nc5 Qd6 16. Qc2 bxc3 17. bxc3 Bxf3 18. gxf3 e5 19. Nb3 Rfe8 20. Rfe1 g6 21. Rad1 a5 22. Bf1 exd4 23. cxd4 Rxe1 24. Rxe1 a4 25.
Qc5 Qxc5 26. Nxc5 Nxd4 27. Bg2 a3 28. Re3 Nc2 29. Rc3 Rb2 30. Nd3 Rxa2 31. Rc8+ Kg7 32. Rc7 Ra1+ 33. Kh2 a2 34. Ra7 Nd4 35. Nb4 Rb1 36.
Nxa2 Rb2 37. Kg1 Ne2+ 38. Kh2 d4 39. Nc1 Nxc1 0-1

[Event "Late-Titled-Tuesday-Blitz-March-12-2024"]
[Site "Chess.com"]
[Date "2024.03.12"]
[Round "10"]
[White "Bkmzzzzz"]
[Black "kleber2007"]
[Result "1/2-1/2"]
[WhiteElo "2400"]
[BlackElo "2537"]
[TimeControl "180+1"]
[EndTime "15:52:37 PDT"]
[Termination "Game drawn by repetition"]

1. e4 c6 2. d4 d5 3. Nc3 dxe4 4. Nxe4 Bf5 5. Nc5 Nd7 6. Nxb7 Qc7 7. Nc5 Nxc5 8. dxc5 e5 9. Bd3 Bxd3 10. Qxd3 Bxc5 11. Nf3 Nf6 12. Bg5 Nd5 13. O-O f6 14.
Bd2 O-O 15. c4 Nb6 16. b3 f5 17. Qe2 e4 18. Ne1 Rae8 19. g3 Nd7 20. Rd1 Nf6 21.
Be3 Qe5 22. Ng2 Ng4 23. Bxc5 Qxc5 24. Rd7 Re7 25. Rfd1 Rfe8 26. Ne3 Nxe3 27. Qxe3 Qxe3 28. fxe3 Kf7 29. R1d6 Rxd7 30. Rxd7+ Re7 31. Rxe7+ Kxe7 32. b4 g5 33. Kf2 Ke6 34. a4 a6 35. h3 Ke5 36.
Ke2 Kd6 37. Kd2 Ke5 38. Ke2 Kd6 39. Kd2 Ke5 40. Ke1 Kd6 41. Ke2 Ke5 42. Kd2 Kd6 43.
Kc3 Ke5 44. Kd2 Kd6 45. Ke2 Ke5 46. Ke1 Kd6 47. Kd2 1/2-1/2

[Event "Late-Titled-Tuesday-Blitz-March-12-2024"]
[Site "Chess.com"]
[Date "2024.03.12"]
[Round "10"]
[White "cassoulet"]
[Black "publicaccountcze"]
[Result "1-0"]
[WhiteElo "2770"]
[BlackElo "2225"]
[TimeControl "180+1"]
[EndTime "15:52:38 PDT"]
[Termination "cassoulet won on time"]

1. d4 Nf6 2. Bg5 g6 3. Bxf6 exf6 4. e3 f5 5. g3 Bg7 6. Bg2 d5 7. Ne2 O-O 8. O-O c6 9. Nd2 Nd7 10. c4 dxc4 11. Nxc4 Nf6 12. Qc2 Re8 13. Rad1 h5 14. h4 Be6 15. Nf4 Bd5 16. Nxd5 Nxd5 17. Qb3 Qd7 18.
Na5 Nb6 19. Rc1 Re7 20. Rfd1 Rd8 21. Qa3 Qd6 22. Qxd6 Rxd6 23. Nb3 Bf8 24. Nc5 Kg7 25.
Rd3 Rd8 26. Ra3 Nc8 27. Rb3 Nb6 28. a4 Rc7 29. a5 Bxc5 30. Rxc5 Nd7 31. Rc4 a6 32. d5 Ne5 33. Rc1 Rcd7 34. dxc6 Rd1+ 35. Rxd1 Rxd1+ 36. Bf1 bxc6 37. Kg2 Ra1 38. Ra3 Rxa3 39. bxa3 c5 40. Bxa6 Nc6 41. Bb7 Nxa5 42. Bd5 c4 43.
Kf1 Kf6 44. Ke2 Nb3 45. Bxc4 Nc5 46. Bd5 1-0

[Event "Late-Titled-Tuesday-Blitz-March-12-2024"]
[Site "Chess.com"]
[Date "2024.03.12"]
[Round "10"]
[White "DonBroca"]
[Black "Boninknights"]
[Result "1-0"]
[WhiteElo "2250"]
[BlackElo "2388"]
[TimeControl "180+1"]
[EndTime "15:52:39 PDT"]
[Termination "DonBroca won by resignation"]

1. e4 e5 2. Nf3 Qe7 3. Bc4 g6 4. O-O Bg7 5. d4 d6 6. Nc3 c6 7. Bg5 Nf6 8. Qd2 h6 9. Bh4 g5 10. Bg3 Nh5 11. dxe5 dxe5 12. Bb3 Na6 13. Rad1 Bg4 14.
Qd6 Bxf3 15. gxf3 Nc5 16. Rd2 Qxd6 17. Rxd6 Ke7 18. Rfd1 Nf4 19. Kf1 f6 20. Na4 Nxa4 21. Rd7+ Kf8 22. Rf7+ Kg8 23. Rdd7 1-0

[Event "Late-Titled-Tuesday-Blitz-March-12-2024"]
[Site "Chess.com"]
[Date "2024.03.12"]
[Round "10"]
[White "Hikaru"]
[Black "FairChess_on_YouTube"]
[Result "1/2-1/2"]
[WhiteElo "3246"]
[BlackElo "3123"]
[TimeControl "180+1"]
[EndTime "15:52:41 PDT"]
[Termination "Game drawn by repetition"]

1. d4 d5 2. c4 e6 3. Nc3 Nf6 4. cxd5 exd5 5. Bg5 c6 6. e3 h6 7. Bh4 Bf5 8. Qf3 Bh7 9. Bxf6 Qxf6 10. Qxf6 gxf6 11.
Nf3 Nd7 12. Ne2 Bb4+ 13. Kd1 Nb6 14. Nf4 Bd6 15. b3 Bxf4 16. exf4 Nc8 17. Kd2 Nd6 18. Bd3 Kd7 19. Nh4 Bxd3 20. Kxd3 a5 21. a4 Rhb8 22. Nf3 b5 23. Nd2 f5 24. f3 Rg8 25.
g3 h5 26. Nb1 h4 27. Rg1 hxg3 28. hxg3 Rab8 29. axb5 Rxb5 30. Nd2 Rgb8 31. Ra4 Rxb3+ 32.
Nxb3 Rxb3+ 33. Kc2 Rxf3 34. Rxa5 Nb5 35. Ra4 Kd6 36. Kd2 Rb3 37. g4 Rb2+ 38. Kd3 Rb3+ 39. Kd2 Rb2+ 40. Kd3 Rb3+ 41. Kd2 1/2-1/2

[Event "Late-Titled-Tuesday-Blitz-March-12-2024"]
[Site "Chess.com"]
[Date "2024.03.12"]
[Round "10"]
[White "djano"]
[Black "Meri-Arabidze"]
[Result "1-0"]
[WhiteElo "2600"]
[BlackElo "2684"]
[TimeControl "180+1"]
[EndTime "15:52:41 PDT"]
[Termination "djano won on time"]

1. e4 e5 2. Nf3 Nc6 3. d4 exd4 4. Nxd4 Bc5 5. Nb3 Bb6 6. Nc3 Nf6 7. Bg5 h6 8. Bh4 O-O 9. Qe2 Re8 10. O-O-O d6 11.
f3 Ne5 12. Kb1 Be6 13. Nd4 Ng6 14. Bf2 Bd7 15. g4 d5 16. Nf5 dxe4 17. fxe4 Bxf2 18. Qxf2 Nxg4 19. Qg3 N4e5 20. h4 h5 21. Be2 c6 22.
Bxh5 Qf6 23. Rdf1 Bxf5 24. exf5 Ne7 25. Ne4 Qh6 26. Rhg1 Nd5 27. Nd6 Re7 28. f6 Re6 29. Nf5 Qxf6 30. Nxg7 Qxf1+ 31. Rxf1 Ng6 32. Nxe6 1-0

[Event "Late-Titled-Tuesday-Blitz-March-12-2024"]
[Site "Chess.com"]
[Date "2024.03.12"]
[Round "10"]
[White "Mikhail_Golubev"]
[Black "Stanbad1"]
[Result "0-1"]
[WhiteElo "2660"]
[BlackElo "2529"]
[TimeControl "180+1"]
[EndTime "15:52:45 PDT"]
[Termination "Stanbad1 won on time"]

1. e4 e6 2. d4 d5 3. Nc3 Nf6 4. Bg5 Bb4 5. e5 h6 6. Bd2 Bxc3 7. bxc3 Ne4 8. Qg4 g6 9. Bd3 Nxd2 10. Kxd2 c5 11. h4 Nc6 12. Nf3 Bd7 13. Qf4 Qa5 14. dxc5 Qxc5 15. Nd4 O-O-O 16. Rhb1 g5 17. Qe3 Na5 18.
hxg5 hxg5 19. a4 Kb8 20. Qxg5 Rc8 21. Ke2 Qxc3 22. Nb5 Bxb5 23. axb5 Nc4 24. Ra4 Rhg8 25. Qf4 Qxe5+ 26. Qxe5+ Nxe5 27. Rba1 Nxd3 28. cxd3 Rxg2 29. Rxa7 Kc7 30. Rc1+ Kb6 31. Rxc8 Kxa7 32. Rc7 Rg7 33. Re7 Kb6 34. Ke3 Rh7 35. d4 Rh3+ 36. f3 Rh7 37.
Kf4 Rh4+ 38. Ke5 Rh5+ 39. Kd6 Rf5 40. Rd7 Rxf3 41. Ke7 Rf4 42. Kd8 Rxd4 43. Kc8 Kxb5 44. Rxb7+ Kc4 45. Rxf7 e5 46. Kd7 Rf4 47. Re7 e4 48.
Kd6 Kd4 49. Ra7 Rf6+ 50. Ke7 Rh6 51. Ra6 Rxa6 0-1

[Event "Late-Titled-Tuesday-Blitz-March-12-2024"]
[Site "Chess.com"]
[Date "2024.03.12"]
[Round "10"]
[White "Anton_Demchenko"]
[Black "Firouzja2003"]
[Result "1-0"]
[WhiteElo "2977"]
[BlackElo "3127"]
[TimeControl "180+1"]
[EndTime "15:52:46 PDT"]
[Termination "Anton_Demchenko won by resignation"]

1. e4 e6 2. d3 d5 3. Nd2 Nc6 4. Ngf3 Nf6 5. c3 e5 6. b4 Bd6 7. Bb2 O-O 8. Be2 Re8 9. O-O Bg4 10. a3 a6 11. Qc2 Nh5 12. g3 Nf6 13. Rfe1 Qd7 14. c4 d4 15. c5 Bf8 16. Nc4 Rab8 17.
Bc1 h6 18. Bd2 b6 19. cxb6 cxb6 20. Rec1 b5 21. Na5 Nxa5 22. bxa5 Rbc8 23. Qb2 Rxc1+ 24. Rxc1 Nh7 25. Bb4 Bxf3 26. Bxf3 Ng5 27. Bg2 Rc8 28.
h4 Nh7 29. Kh2 g5 30. Bh3 g4 31. Bf1 Nf6 32. Be2 Rc7 33. Bd1 Qc8 34. Rxc7 Qxc7 35. Bd2 h5 36. Kg2 Nd7 37. f3 Nf6 38. Bg5 Nh7 39.
Bd2 Nf6 40. Bg5 Nd7 41. Bd2 Qc3 42. Bxc3 1-0

[Event "Late-Titled-Tuesday-Blitz-March-12-2024"]
[Site "Chess.com"]
[Date "2024.03.12"]
[Round "10"]
[White "AccioChess"]
[Black "Mikasinski"]
[Result "0-1"]
[WhiteElo "2445"]
[BlackElo "2653"]
[TimeControl "180+1"]
[EndTime "15:52:46 PDT"]
[Termination "Mikasinski won by resignation"]

1. e4 c5 2. Nf3 d6 3. d4 cxd4 4. Nxd4 Nf6 5. Nc3 a6 6. Bg5 e6 7. f4 Be7 8. Qf3 Qc7 9. O-O-O b5 10. e5 Bb7 11. Qg3 dxe5 12. fxe5 Nh5 13. Qg4 Qxe5 14. Bxe7 Kxe7 15. Bxb5 axb5 16. Rhe1 Qf4+ 17. Qxf4 Nxf4 18. Ndxb5 Nxg2 19. Re5 Rd8 20. Rxd8 Kxd8 21. Nd6 Bc6 22. Nxf7+ Ke7 23. Ng5 Kf6 24. Rc5 h6 25. Nge4+ Bxe4 26. Nxe4+ Kg6 27. Rc8 Nf4 28. Nc5 Ne2+ 29. Kd2 Nd4 30.
Kd3 Ndc6 31. Nxe6 Rxa2 32. Rc7 Ra7 33. Rxa7 Nxa7 34. b4 Kf6 35. Nf4 g5 36. Ne2 Ke5 37. c4 Nd7 38. c5 Kd5 39. Nc3+ Kc6 40. Kc4 Ne5+ 41. Kd4 Nf3+ 42. Kc4 Nxh2 43. b5+ Kb7 44. c6+ Nxc6 45. bxc6+ Kxc6 46. Kd4 Kd6 47. Ke4 Ke6 48. Ne2 Ng4 49. Ng3 Nf6+ 50. Kf3 h5 51. Nxh5 Nxh5 52.
Kg4 Kf6 53. Kxh5 Kf5 0-1

[Event "Late-Titled-Tuesday-Blitz-March-12-2024"]
[Site "Chess.com"]
[Date "2024.03.12"]
[Round "10"]
[White "egnfanclub"]
[Black "Casper"]
[Result "0-1"]
[WhiteElo "2388"]
[BlackElo "2468"]
[TimeControl "180+1"]
[EndTime "15:52:50 PDT"]
[Termination "Casper won on time"]

1. e4 g6 2. Nc3 Bg7 3. f4 c5 4. Nf3 d6 5. Bb5+ Nd7 6. O-O e6 7. d3 Ne7 8. Qe1 O-O 9. Bxd7 Bxd7 10. Be3 Nc6 11. Ne2 Nb4 12. Qd2 f5 13. e5 Nd5 14. c4 Nxe3 15. Qxe3 Bc6 16. exd6 Qxd6 17. Ne5 Rad8 18. Rad1 g5 19. g3 gxf4 20. gxf4 Kh8 21. d4 Bxe5 22. dxe5 Qe7 23. Ng3 b6 24. Rd2 Rxd2 25.
Qxd2 Rd8 26. Qe2 Qd7 27. Re1 Qd4+ 28. Kf1 Qxf4+ 29. Qf2 Qxc4+ 30. Kg1 Qg4 31. Qe2 Bf3 0-1

[Event "Late-Titled-Tuesday-Blitz-March-12-2024"]
[Site "Chess.com"]
[Date "2024.03.12"]
[Round "10"]
[White "The_Machine04"]
[Black "platy3"]
[Result "1-0"]
[WhiteElo "2832"]
[BlackElo "2954"]
[TimeControl "180+1"]
[EndTime "15:52:51 PDT"]
[Termination "The_Machine04 won by resignation"]

1. d4 Nf6 2. Nf3 d5 3. e3 c6 4. Nbd2 Bf5 5. Ne5 h6 6. Bd3 Bxd3 7. cxd3 Nbd7 8. f4 g5 9. fxg5 hxg5 10. Ndf3 Rg8 11. O-O e6 12. e4 Qb6 13. Nxd7 Nxd7 14.
Bxg5 Bd6 15. e5 Nxe5 16. Kh1 Nd7 17. Qe2 Qb4 18. a3 Qb5 19. Bh4 Rh8 20. Rae1 Rh6 21.
g3 Qb6 22. Ng5 Be7 23. Nxf7 Rxh4 24. Qxe6 Rxh2+ 25. Kxh2 1-0

[Event "Late-Titled-Tuesday-Blitz-March-12-2024"]
[Site "Chess.com"]
[Date "2024.03.12"]
[Round "10"]
[White "Kavyev_Ruslan"]
[Black "Qingdom"]
[Result "0-1"]
[WhiteElo "2461"]
[BlackElo "2280"]
[TimeControl "180+1"]
[EndTime "15:52:51 PDT"]
[Termination "Qingdom won on time"]

1. d4 Nf6 2. Nf3 c5 3. d5 e6 4.
Nc3 exd5 5. Nxd5 Nxd5 6. Qxd5 Nc6 7. e4 Be7 8. Bc4 O-O 9. Bf4 d6 10. Qd2 Be6 11. Bxe6 fxe6 12. O-O-O d5 13. exd5 exd5 14. g3 d4 15. h4 Qa5 16. Qxa5 Nxa5 17. Rhe1 Rae8 18.
Ne5 Bd6 19. Kb1 Bxe5 20. Bxe5 Rxf2 21. c3 Nc4 22. cxd4 Rxb2+ 23. Ka1 cxd4 24. Bxd4 Rxe1 25. Rxe1 Rd2 26. Bc3 Rg2 27. Bd4 a6 28. a4 Kf7 29.
Rf1+ Ke6 30. Bxg7 Rxg3 31. Re1+ Kd5 32. Bf6 Ra3+ 33. Kb1 Rxa4 34. Re7 b5 35. Rxh7 Ra3 36. Bg5 a5 37. Rd7+ Kc6 38. Rd8 b4 39. h5 Rh3 40. h6 a4 41. Rc8+ Kd5 42. Rd8+ Kc5 43. Rc8+ Kd4 0-1

[Event "Late-Titled-Tuesday-Blitz-March-12-2024"]
[Site "Chess.com"]
[Date "2024.03.12"]
[Round "10"]
[White "Misterfox120"]
[Black "Mbneu"]
[Result "1-0"]
[WhiteElo "2387"]
[BlackElo "2253"]
[TimeControl "180+1"]
[EndTime "15:52:52 PDT"]
[Termination "Misterfox120 won by resignation"]

1. d4 Nf6 2. Bf4 c5 3. e3 Qb6 4. Nc3 d6 5. Bb5+ Bd7 6. a4 a6 7. a5 Qc7 8. Bxd7+ Nbxd7 9. Nf3 h6 10. O-O g5 11. Bg3 h5 12. h4 gxh4 13. Nxh4 e6 14.
d5 Rg8 15. e4 Rg4 16. Qe2 O-O-O 17. Rfd1 Ne5 18. dxe6 fxe6 19. Bxe5 dxe5 20. Rxd8+ Qxd8 21. Nf3 Bd6 22. Rd1 Qe7 23. Qd3 Ne8 24. Na4 Qg7 25.
Nb6+ Kc7 26. Nc4 Qf8 27. Nfxe5 Rf4 28. Ng6 1-0

[Event "Late-Titled-Tuesday-Blitz-March-12-2024"]
[Site "Chess.com"]
[Date "2024.03.12"]
[Round "10"]
[White "corvachesky"]
[Black "manitodeplomo"]
[Result "0-1"]
[WhiteElo "2487"]
[BlackElo "2675"]
[TimeControl "180+1"]
[EndTime "15:52:56 PDT"]
[Termination "manitodeplomo won on time"]

1. Nf3 g6 2. g3 Bg7 3. Bg2 e5 4.
O-O Ne7 5. d3 O-O 6. c4 c6 7.
Nc3 d5 8. cxd5 cxd5 9. e4 d4 10. Ne2 Nbc6 11. Ne1 Be6 12. f4 f6 13. Nf3 Kh8 14.
fxe5 fxe5 15. Bg5 h6 16. Bd2 a5 17. Qa4 Qb6 18. Qa3 Nb4 19. Nh4 Kh7 20. Rxf8 Rxf8 21.
Bxb4 Qxb4 22. Qxb4 axb4 23. a4 Rc8 24. Rc1 Rxc1+ 25.
Nxc1 h5 26. Bf3 Bh6 27. Ne2 Bb3 28. a5 Bc2 29. g4 hxg4 30. Bxg4 Bxd3 31. Ng3 Bf4 32. Nf3 Nc6 33. Bc8 Nxa5 34. Kf2 Ba6 35. Ne2 Be3+ 36. Ke1 Nc4 37. b3 Nd6 38. Be6 d3 39. Ng3 Bf4 40. Bd5 Kg7 41. Nf1 Kf6 42.
N1d2 g5 43. h3 Bb5 0-1

[Event "Late-Titled-Tuesday-Blitz-March-12-2024"]
[Site "Chess.com"]
[Date "2024.03.12"]
[Round "10"]
[White "N_Mullodzhanov"]
[Black "ansko1999"]
[Result "1-0"]
[WhiteElo "2533"]
[BlackElo "2665"]
[TimeControl "180+1"]
[EndTime "15:52:57 PDT"]
[Termination "N_Mullodzhanov won on time"]

1. e4 d6 2. d4 Nf6 3. Nc3 c6 4. f4 Qb6 5. Nf3 Bg4 6. Be2 Nbd7 7. e5 Nd5 8. Nxd5 cxd5 9. h3 Bxf3 10. Bxf3 e6 11. c3 Be7 12. Qe2 O-O 13. O-O Rfc8 14.
Kh2 Qc7 15. a4 a6 16. a5 b5 17. axb6 Nxb6 18. Rxa6 Rxa6 19. Qxa6 g6 20. Qd3 h5 21. Rf2 h4 22. Be3 Nc4 23. Rc2 g5 24. b3 Nxe3 25. Qxe3 gxf4 26. Qxf4 dxe5 27. dxe5 Kf8 28. Bh5 f6 29. Rf2 Kg7 30. Qxh4 Qxe5+ 31. g3 Rxc3 32. Qg4+ Kf8 33. Qg6 1-0